 Dungeon Crawl Stone Soup version 0.26-a0-540-g8a0c9464d7 (webtiles) character file.

Game seed: 15788940753296478808

32685 Inarius the Severer (level 13, -8/131 HPs)
             Began as a Hill Orc Chaos Knight on Aug 24, 2020.
             Was a Plaything of Xom.
             Mangled by an earth elemental (49 damage)
             ... in a volcano.
             The game lasted 00:31:52 (18929 turns).

Inarius the Severer (Hill Orc Chaos Knight)        Turns: 18929, Time: 00:31:52

Health: -8/131     AC: 22    Str: 22    XL:     13   Next: 66%
Magic:  11/11      EV: 11    Int: 12    God:    Xom [.....*]
Gold:   1175       SH: 14    Dex: 10    Spells: 12/12 levels left

rFire    + + +     SeeInvis .   a - +0 hand axe (chaos)
rCold    + . .     Faith    .   E - +2 kite shield
rNeg     . . .     Spirit   .   N - +0 plate armour {rC+}
rPois    +         Reflect  .   (no helmet)
rElec    +         Harm     .   v - +2 cloak
rCorr    .                      C - +1 pair of gloves "Comumauw" {rPois rF+ Str+2 Slay-3}
MR       .....                  V - +0 pair of boots
Stlth    ..........             M - amulet of Vitality {Regen+ HP+15}
HPRegen  1.11/turn              r - ring of protection from fire
MPRegen  0.12/turn              I - +4 ring of evasion

@: no status effects
A: camouflage 1, fire resistance 1, low mp 1, regeneration 1, screaming 1,
electricity resistance
a: Renounce Religion


You were in a volcano.
You worshipped Xom.
You were Xom's teddy bear.
You visited 2 branches of the dungeon, and saw 17 of its levels.
You also visited: Volcano.

You collected 1175 gold pieces.

Inventory:

Hand Weapons
 a - a +0 hand axe of chaos (weapon)
 m - a +0 war axe
 z - the +4 hand axe of the Spectre {pain, +Fly Stlth+}
   (You found it on level 5 of the Lair of Beasts)

   In the hands of one skilled in necromantic magic, it inflicts extra damage on
   living creatures.
   It lets you fly.
   It makes you more stealthy.
Armour
 b - a +2 leather armour
 v - a +2 cloak (worn)
 C - the +1 pair of gloves "Comumauw" (worn) {rPois rF+ Str+2 Slay-3}
   (You acquired it on level 1 of the Lair of Beasts)

   It affects your strength (+2).
   It affects your accuracy and damage with ranged weapons and melee attacks
   (-3).
   It protects you from fire.
   It protects you from poison.
 E - a +2 kite shield (worn)
 N - a +0 plate armour of cold resistance (worn)
 V - a +0 pair of boots (worn)
Jewellery
 r - a ring of protection from fire (left hand)
 I - a +4 ring of evasion (right hand)
 L - an uncursed ring of resist corrosion
 M - the amulet of Vitality (around neck) {Regen+ HP+15}
   (You took it off a gnoll on level 9 of the Dungeon)

   [amulet of regeneration]

   It affects your health (+15).
   It increases your rate of regeneration.
 O - an uncursed ring of protection from fire
Wands
 d - a wand of polymorph (10)
 j - a wand of disintegration (13)
 w - a wand of iceblast (11)
 A - a wand of digging (11)
 B - a wand of acid (21)
 G - a wand of flame (26)
 H - a wand of paralysis (10)
Scrolls
 c - 12 scrolls of teleportation
 f - 2 scrolls of magic mapping
 i - 8 scrolls of enchant weapon
 k - 14 scrolls of remove curse
 p - 4 scrolls of enchant armour
 s - 3 scrolls of fog
 t - 4 scrolls of blinking
 y - a scroll of immolation
 D - 4 scrolls of fear
 T - a scroll of silence
 U - a scroll of brand weapon {unknown}
 X - a scroll of amnesia {unknown}
 Y - a scroll of noise {unknown}
Potions
 e - 5 potions of heal wounds
 g - a potion of lignification
 h - 3 potions of flight
 l - 5 potions of mutation
 n - 3 potions of curing
 o - 3 potions of invisibility
 q - 2 potions of brilliance {unknown}
 x - 3 potions of haste
 F - 3 potions of resistance
 J - 2 potions of berserk rage
 K - 2 potions of might {unknown}
 R - a potion of ambrosia {unknown}
 S - 2 potions of magic
 Z - a potion of stabbing {unknown}
Miscellaneous
 u - a lightning rod (4/4)
 P - a phial of floods
 Q - a phantom mirror


   Skills:
 + Level 11.1 Fighting
 * Level 16.5 Axes
 + Level 11.1 Armour
 - Level 2.0 Dodging
 - Level 1.6 Stealth
 + Level 10.7 Shields
 * Level 8.8 Evocations


You had 12 spell levels left.
You didn't know any spells.
Your spell library contained the following spells:

 Spells                   Type           Power        Failure   Level
 Animate Skeleton         Necr           #.....       100%        1
 Beastly Appendage        Tmut           #.....       100%        1
 Corona                   Hex            #......      100%        1
 Pain                     Necr           #...         100%        1
 Sting                    Tmut/Pois      #...         100%        1
 Poisonous Vapours        Pois/Air       #.....       100%        2
 Slow                     Hex            #.......     100%        2
 Wereblood                Tmut           #.......     100%        2
 Confusing Touch          Hex            #.......     100%        3
 Gell's Gravitas          Tloc           #.........   100%        3
 Ignite Poison            Fire/Tmut/Pois #.......     100%        3
 Inner Flame              Hex/Fire       #.......     100%        3
 Mephitic Cloud           Conj/Pois/Air  #.......     100%        3
 Portal Projectile        Hex/Tloc       #.....       100%        3
 Spider Form              Tmut/Pois      #.........   100%        3
 Vampiric Draining        Necr           #.........   100%        3
 Animate Dead             Necr           #.........   100%        4
 Cause Fear               Hex            #.........   100%        4
 Ice Form                 Ice/Tmut       #.......     100%        4
 Leda's Liquefaction      Hex/Erth       #.........   100%        4
 Olgreb's Toxic Radiance  Pois           #.......     100%        4
 Petrify                  Tmut/Erth      #.......     100%        4
 Agony                    Necr           #.......     100%        5
 Blade Hands              Tmut           #.........   100%        5
 Metabolic Englaciation   Hex/Ice        #.........   100%        5
 Yara's Violent Unravell  Hex/Tmut       #.........   100%        5


Dungeon Overview and Level Annotations

Branches:
Dungeon (11/15)            Temple (0/1) D:4            Lair (6/6) D:11
 Shoals (0/4) Lair:2        Snake (0/4) Lair:2        Slime (0/5) Lair:5
Volcano (1/1)
    Orc: D:9-12

Altars:
Cheibriados
Fedhas
Gozag
Hepliaklqana
Makhleb
Okawaru
Qazlal
Ru
Trog
Vehumet
Wu Jian
Xom
Zin
The Shining One

Shops:
D:5 [   D:9 =

Annotations:
D:7 1 runed translucent door, Tenar's ghost, novice DsEE
Lair:3 1 runed translucent door
Lair:5 exclusion: 2 oklob plants
Lair:6 3 runed translucent doors


Innate Abilities, Weirdness & Mutations

Your skin changes colour to match your surroundings (Stealth+).
Your flesh is heat resistant. (rF+)
Your magical capacity is low. (-10% MP)
Your natural rate of healing is unusually fast.
You occasionally shout uncontrollably at your foes.
You are resistant to electric shocks. (rElec)


Message History

The earth elemental is heavily damaged.
You block the earth elemental's attack.
You hit the earth elemental.
The earth elemental is severely damaged.
You block the earth elemental's attack.
You hit the earth elemental but do no damage.
The earth elemental is severely damaged.
You hit the earth elemental but do no damage.
The earth elemental is severely damaged.
The earth elemental closely misses you.
You completely miss the earth elemental.
The earth elemental is severely damaged.
You barely miss the earth elemental.
The earth elemental is severely damaged.
The earth elemental hits you!!!
A shower of butterflies erupts from you!
You hit the earth elemental.
The earth elemental is severely damaged.
The earth elemental hits you!!!
You die...

####### +.....+ #b8_8.#
#.b)b.# #@# #E#
#..§§≈≈§§ #.# #.≈≈≈≈≈≈≈
#.# #..≈≈≈≈§≈ #.#
#.≈≈≈§§§≈ #.# #..≈§§≈≈§
#.# #..≈≈≈§≈≈
#######+########.§§§§≈≈≈
...§§§.............§§...


You could see an earth elemental (fast, strong).

Vanquished Creatures
  A spark wasp (Lair:6)
  3 hydras
  An alligator (Lair:6)
  A two-headed ogre (D:9)
  A harpy (Lair:5)
  2 oklob plants (Lair:5)
  A salamander (shapeshifter) (Lair:4)
  12 elephants
  Joseph (D:7)
  6 black mambas
  5 cane toads
  2 rime drakes
  An efreet (Volcano)
  2 komodo dragons
  2 polar bears
  A troll (D:11)
  A hornet (Lair:4)
  5 blink frogs (Lair:4)
  A dream sheep (Lair:4)
  6 hippogriffs
  3 porcupines
  18 yaks
  A wyvern (Lair:2)
  A basilisk (Lair:5)
  A golden eye (shapeshifter) (Lair:4)
  Menkaure (D:4)
  3 nagas (Lair:2)
  A soldier ant (D:9)
  2 acid dragons
  7 water moccasins
  A floating eye (shapeshifter) (Lair:5)
  A black bear (D:9)
  3 orc warriors
  2 ice beasts
  2 sky beasts
  A phantom (D:5)
  4 ogres
  25 wolves
  5 centaurs
  9 crocodiles
  3 big kobolds
  3 gnoll sergeants (D:9)
  22 bullfrogs
  A water moccasin zombie (D:5)
  An earth elemental (Volcano)
  A scorpion (shapeshifter) (Lair:3)
  A scorpion (D:6)
  4 wights (D:7)
  3 killer bees (D:9)
  An electric eel (D:4)
  A howler monkey (D:4)
  2 bullfrog zombies
  2 lava snakes (Volcano)
  A quasit (D:7)
  8 hounds
  A jelly (D:10)
  2 orc priests
  A bullfrog skeleton (D:6)
  3 gnoll shamans (D:9)
  10 orc wizards
  Crazy Yiuf (D:5)
  A centaur skeleton (D:10)
  An iguana (D:5)
  12 worker ants
  3 hound skeletons
  A howler monkey zombie (D:6)
  8 adders
  29 gnolls
  A howler monkey skeleton (D:5)
  3 shadow imps
  A white imp (D:7)
  4 ufetubi
  An ooze (D:3)
  An adder zombie (D:8)
  3 adder skeletons
  7 worms
  3 dart slugs
  3 leopard geckos
  29 orcs
  5 giant cockroaches
  12 goblins
  19 hobgoblins
  17 jackals
  25 kobolds
  5 quokkas
  7 bats
  7 frilled lizards
  A jackal zombie (D:9)
  A leopard gecko skeleton (D:4)
  A quokka skeleton (D:7)
  4 rats
  5 fungi
  3 plants
441 creatures vanquished.

Vanquished Creatures (collateral kills)
  2 cane toads (Lair:3)
  4 blink frogs (Lair:4)
  A yak (Lair:3)
  A water moccasin (Lair:3)
  3 wolves
  A bullfrog (Lair:3)
  An orc (D:9)
13 creatures vanquished.

Vanquished Creatures (others)
  A cane toad (Lair:5)
  2 wolves (Lair:4)
  2 bullfrogs
  A wight (D:7)
  An orc (D:8)
  A goblin (D:1)
  A jackal (D:3)
  A bush (Lair:2)
  10 fungi
  10 plants
  4 toadstools (Lair:3)
34 creatures vanquished.

Grand Total: 488 creatures vanquished

Notes
Turn   | Place    | Note
-------+----------+-------------------------------------------
     0 | D:1      | Inarius the Hill Orc Chaos Knight began the quest for the
                  | Orb.
     0 | D:1      | Reached XP level 1. HP: 19/19 MP: 1/1
   178 | D:1      | XOM: divination: detect items
   213 | D:1      | Reached XP level 2. HP: 26/26 MP: 2/2
   215 | D:1      | XOM: silly message
   218 | D:1      | XOM: silly message
   253 | D:1      | Reached skill level 5 in Axes
   263 | D:1      | XOM: silly message
   399 | D:1      | Reached XP level 3. HP: 33/33 MP: 3/3
   731 | D:1      | XOM: 7-stop teleportation journey
  1070 | D:2      | XOM: 1-stop teleportation journey
  1167 | D:2      | Reached skill level 6 in Axes
  1221 | D:2      | Reached XP level 4. HP: 40/40 MP: 4/4
  1265 | D:2      | Found a shadowy altar of Dithmenos.
  1272 | D:2      | Found an ornate altar of the Wu Jian Council.
  1272 | D:2      | Found a white marble altar of Elyvilon.
  1274 | D:2      | Found a glowing silver altar of Zin.
  1274 | D:2      | Found a shimmering altar of Xom.
  1274 | D:2      | Found an iron altar of Okawaru.
  1579 | D:2      | Found a blossoming altar of Fedhas.
  1579 | D:2      | Found a sacrificial altar of Ru.
  2210 | D:3      | Reached skill level 7 in Axes
  2210 | D:3      | Reached XP level 5. HP: 44/46 MP: 5/5
  2735 | D:4      | Noticed Menkaure
  2740 | D:4      | XOM: chaos cloud
  2743 | D:4      | Killed Menkaure
  2743 | D:4      | Reached skill level 8 in Axes
  2743 | D:4      | Reached XP level 6. HP: 53/53 MP: 6/6
  2775 | D:4      | Found an iron altar of Okawaru.
  2838 | D:4      | XOM: noise
  2900 | D:4      | Noticed a phantom
  2912 | D:4      | XOM: noise
  2917 | D:4      | XOM: fog
  2944 | D:3      | XOM: enchant monster (bad)
  2983 | D:3      | XOM: noise
  2999 | D:3      | XOM: confuse monster(s)
  3001 | D:3      | Noticed a glowing shapeshifter
  3001 | D:3      | an ogre changed into a glowing shapeshifter
  3001 | D:3      | Noticed a shock serpent
  3001 | D:3      | a glowing shapeshifter changed into a shock serpent
  3002 | D:3      | Noticed a dream sheep
  3002 | D:3      | a shock serpent changed into a dream sheep
  3297 | D:4      | Found a staircase to the Ecumenical Temple.
  3331 | D:4      | Reached XP level 7. HP: 54/60 MP: 7/7
  3387 | D:4      | Reached skill level 9 in Axes
  3405 | D:4      | Reached skill level 1 in Shields
  3638 | D:4      | XOM: polymorph worm -> electric eel
  3779 | D:4      | XOM: torment (24/60 hp)
  4407 | D:5      | Entered Level 5 of the Dungeon
  4463 | D:5      | XOM: swap monsters
  4514 | D:5      | Found a runed translucent door.
  4515 | D:5      | Noticed Crazy Yiuf
  4539 | D:5      | XOM: give mutations
  4539 | D:5      | Gained mutation: You expend magic power (3 MP) to
                  | strengthen your wands. [Xom's mischief]
  4539 | D:5      | Gained mutation: You occasionally shout uncontrollably at
                  | your foes. [Xom's mischief]
  4572 | D:5      | Killed Crazy Yiuf
  4572 | D:5      | Reached skill level 1 in Stealth
  4572 | D:5      | XOM: give mutation
  4572 | D:5      | Gained mutation: Scrolls take you a little longer to read.
                  | [Xom's mischief]
  4652 | D:5      | XOM: draining
  4955 | D:5      | Reached XP level 8. HP: 64/67 MP: 8/8
  5012 | D:5      | Found Muliew's Antique Armour Shop.
  5063 | D:5      | Reached skill level 5 in Fighting
  5063 | D:5      | Reached skill level 10 in Axes
  5063 | D:5      | XOM: give mutations
  5063 | D:5      | Lost mutation: Scrolls take you a little longer to read.
                  | [Xom's mischief]
  5063 | D:5      | Gained mutation: Your flesh is heat resistant. (rF+) [Xom's
                  | mischief]
  5063 | D:5      | Gained mutation: You are clumsy. (Dex -2) [Xom's mischief]
  5063 | D:5      | Lost mutation: You expend magic power (3 MP) to strengthen
                  | your wands. [Xom's mischief]
  5660 | D:6      | XOM: silly message
  5705 | D:6      | XOM: silly message
  5763 | D:6      | XOM: cloud trail
  5919 | D:6      | Found a glowing golden altar of the Shining One.
  5925 | D:6      | Got a glimmering dagger
  5926 | D:6      | Identified the +5 dagger of Conscience {venom, *Drain
                  | +Blink +Fly} (You found it on level 6 of the Dungeon)
  5978 | D:6      | Reached skill level 1 in Evocations
  6004 | D:6      | Found a hazy altar of Hepliaklqana.
  6004 | D:6      | Found a stormy altar of Qazlal.
  6004 | D:6      | XOM: 8-stop teleportation journey
  6080 | D:6      | XOM: give mutations
  6080 | D:6      | Gained mutation: You are weak. (Str -2) [Xom's mischief]
  6080 | D:6      | Gained mutation: Your magical capacity is low. (-10% MP)
                  | [Xom's mischief]
  6386 | D:6      | XOM: god gift: wand of iceblast (9)
  6732 | D:7      | Reached skill level 11 in Axes
  6800 | D:7      | XOM: noise
  6804 | D:7      | XOM: blink monster(s)
  6807 | D:7      | Noticed Joseph
  6816 | D:7      | Reached skill level 5 in Armour
  6819 | D:7      | Reached skill level 1 in Dodging
  6829 | D:7      | Reached XP level 9. HP: 47/75 MP: 8/8
  6874 | D:7      | Killed Joseph
  7239 | D:7      | Found a runed translucent door.
  7240 | D:7      | Noticed Tenar's ghost (novice DsEE)
  7362 | D:7      | Found a snail-covered altar of Cheibriados.
  7615 | D:7      | XOM: god gift: small steel ring {god gift}
  7660 | D:7      | XOM: scenery: summon butterflies
  7738 | D:8      | Reached skill level 12 in Axes
  7787 | D:8      | Found a radiant altar of Vehumet.
  7793 | D:8      | Found a bloodstained altar of Trog.
  8067 | D:8      | XOM: destruction
  8085 | D:8      | XOM: smoke on damage
  8400 | D:8      | Found a bloodstained altar of Trog.
  8449 | D:8      | XOM: summons 3 hostile shadow creatures
  8489 | D:9      | XOM: summons friendly crimson imp
  8506 | D:9      | XOM: confusion (+ monsters)
  8758 | D:9      | XOM: confuse monster(s)
  8885 | D:9      | Reached XP level 10. HP: 54/84 MP: 9/9
  9101 | D:9      | Reached skill level 13 in Axes
  9105 | D:9      | Reached skill level 5 in Shields
  9584 | D:9      | XOM: blink monster(s)
  9700 | D:9      | Noticed a two-headed ogre
  9714 | D:9      | XOM: divination: magic mapping
  9732 | D:9      | Killed a two-headed ogre
  9932 | D:9      | Found Tikufoot's Jewellery Emporium.
  9985 | D:10     | Entered Level 10 of the Dungeon
 10001 | D:10     | XOM: blink monster(s)
 10031 | D:9      | XOM: summons 6 hostile demons
 10292 | D:9      | Reached skill level 14 in Axes
 10363 | D:10     | XOM: give mutations
 10363 | D:10     | Gained mutation: You are frail. (-10% HP) [Xom's mischief]
 10363 | D:10     | Lost mutation: You are weak. (Str -2) [Xom's mischief]
 10549 | D:10     | XOM: draining
 10893 | D:10     | XOM: god gift: wand of acid (12)
 11743 | D:10     | XOM: scenery: create altars
 11816 | D:11     | Reached skill level 5 in Evocations
 11911 | D:11     | Reached XP level 11. HP: 82/82 MP: 9/9
 12236 | D:11     | Found a staircase to the Lair.
 12253 | D:11     | Found an opulent altar of Gozag.
 12277 | D:11     | XOM: give mutation
 12277 | D:11     | Gained mutation: You expend magic power (3 MP) to
                  | strengthen your wands. [Xom's grace]
 12745 | D:11     | Noticed a seven-headed hydra
 12755 | D:11     | Killed a seven-headed hydra
 12839 | D:11     | XOM: 2-stop teleportation journey
 13021 | Lair:1   | Entered Level 1 of the Lair of Beasts
 13021 | Lair:1   | XOM: enchant monster (good)
 13024 | Lair:1   | XOM: scenery: summon butterflies
 13211 | Lair:1   | Identified a scroll of acquirement
 13229 | Lair:1   | Acquired the +1 pair of gloves "Comumauw" {rPois rF+ Str+2
                  | Slay-3}
 13343 | Lair:1   | Noticed a seven-headed hydra
 13350 | Lair:1   | Killed a seven-headed hydra
 13445 | Lair:1   | XOM: potion effect (stabbing)
 13592 | Lair:1   | XOM: summons friendly white imp
 13594 | Lair:1   | XOM: god gift: phantom mirror
 13599 | Lair:1   | XOM: silly message
 13864 | Lair:2   | Reached skill level 15 in Axes
 13921 | Lair:2   | Found a staircase to the Shoals.
 13928 | Lair:2   | XOM: cast spell 'Statue Form'
 14329 | Lair:2   | XOM: cast spell 'Leda's Liquefaction'
 14333 | Lair:2   | XOM: enchant monster (good)
 14345 | Lair:2   | Reached XP level 12. HP: 78/93 MP: 10/10
 14453 | Lair:2   | Noticed a five-headed hydra
 14455 | Lair:2   | XOM: enchant monster (good)
 14457 | Lair:2   | Noticed a five-headed hydra
 14461 | Lair:2   | XOM: cleaving
 14519 | Lair:2   | Found a staircase to the Snake Pit.
 14728 | Lair:2   | XOM: give mutations
 14728 | Lair:2   | Lost mutation: You are clumsy. (Dex -2) [Xom's grace]
 14728 | Lair:2   | Gained mutation: Your natural rate of healing is unusually
                  | fast. [Xom's grace]
 14728 | Lair:2   | Gained mutation: You are partially covered in icy blue
                  | scales. (AC +2) [Xom's grace]
 14728 | Lair:2   | Gained mutation: Your system is resistant to poisons.
                  | (rPois) [Xom's grace]
 14754 | Lair:2   | Killed an eight-headed hydra
 15007 | Lair:3   | Found a burning altar of Makhleb.
 15030 | Lair:3   | XOM: summons friendly crimson imp
 15109 | Lair:3   | XOM: enchant monster (good)
 15205 | Lair:3   | Noticed a catoblepas
 15205 | Lair:3   | Noticed a catoblepas
 15225 | Lair:3   | Found a runed translucent door.
 15493 | Lair:3   | XOM: enchant monster (bad)
 15831 | Lair:3   | XOM: draining
 16091 | Lair:4   | XOM: chaos cloud
 16100 | Lair:4   | XOM: summons 2 hostile shadow creatures
 16104 | Lair:4   | Noticed a two-headed ogre
 16104 | Lair:4   | a cyclops changed into a two-headed ogre
 16105 | Lair:4   | a two-headed ogre changed into a glowing orange brain
 16108 | Lair:4   | XOM: cast spell 'Summon Mana Viper'
 16117 | Lair:4   | XOM: noise
 16133 | Lair:3   | XOM: give mutations
 16133 | Lair:3   | Lost mutation: You are partially covered in icy blue
                  | scales. (AC +2) [Xom's mischief]
 16133 | Lair:3   | Lost mutation: Your system is resistant to poisons. (rPois)
                  | [Xom's mischief]
 16133 | Lair:3   | Gained mutation: Your skin changes colour to match your
                  | surroundings (Stealth+). [Xom's mischief]
 16193 | Lair:4   | XOM: 2-stop teleportation journey
 16201 | Lair:4   | XOM: silly message
 16209 | Lair:4   | XOM: cast spell 'Summon Small Mammal'
 16220 | Lair:4   | XOM: divination: detect items
 16227 | Lair:4   | XOM: chaos cloud
 16228 | Lair:4   | Paralysed by you for 4 turns
 16234 | Lair:4   | Reached skill level 10 in Fighting
 16239 | Lair:4   | XOM: polymorph wolf -> acid dragon
 16241 | Lair:4   | Paralysed by you for 3 turns
 16264 | Lair:4   | XOM: confusion
 16267 | Lair:4   | XOM: summons 12 friendly demons
 16278 | Lair:4   | XOM: fog
 16335 | Lair:4   | XOM: swap monsters
 16473 | Lair:4   | XOM: 3-stop teleportation journey
 16502 | Lair:4   | XOM: 1-stop teleportation journey
 16776 | Lair:4   | XOM: 10-stop teleportation journey
 16823 | Lair:4   | XOM: cloud trail
 16952 | Lair:4   | Reached skill level 10 in Armour
 16957 | Lair:4   | Reached skill level 16 in Axes
 16965 | Lair:4   | XOM: blink monster(s)
 16976 | Lair:4   | Reached XP level 13. HP: 33/102 MP: 7/11
 17193 | Lair:5   | XOM: potion effect (berserk rage)
 17200 | Lair:5   | XOM: silly message
 17276 | Lair:5   | XOM: silly message
 17306 | Lair:5   | XOM: cloud trail
 17416 | Lair:5   | Got a twisted hand axe
 17417 | Lair:5   | Identified the +4 hand axe of the Spectre {pain, +Fly
                  | Stlth+} (You found it on level 5 of the Lair of Beasts)
 17521 | Lair:5   | XOM: give mutations
 17521 | Lair:5   | Gained mutation: You are resistant to electric shocks.
                  | (rElec) [Xom's mischief]
 17521 | Lair:5   | Lost mutation: You are frail. (-10% HP) [Xom's mischief]
 17521 | Lair:5   | Lost mutation: You expend magic power (3 MP) to strengthen
                  | your wands. [Xom's mischief]
 17739 | Lair:5   | XOM: silly message
 17745 | Lair:5   | XOM: blink monster(s)
 17748 | Lair:5   | XOM: chaos cloud
 17750 | Lair:5   | Reached skill level 10 in Shields
 17870 | Lair:5   | XOM: silly message
 17891 | Lair:5   | XOM: potion effect (brilliance)
 17894 | Lair:5   | XOM: destruction
 18016 | Lair:5   | XOM: enchant monster (good)
 18242 | Lair:5   | XOM: cast spell 'Summon Hydra'
 18244 | Lair:5   | Found a staircase to the Slime Pits.
 18453 | Lair:5   | XOM: divination: magic mapping
 18559 | Lair:6   | Entered Level 6 of the Lair of Beasts
 18612 | Lair:6   | XOM: polymorph cane toad -> hog
 18618 | Lair:6   | XOM: 3-stop teleportation journey
 18695 | Lair:6   | Found a runed translucent gate.
 18695 | Lair:6   | Found a runed translucent gate.
 18695 | Lair:6   | Found a runed translucent gate.
 18724 | Lair:6   | XOM: scenery: summon butterflies
 18730 | Lair:6   | XOM: divination: magic mapping
 18734 | Lair:6   | Noticed a spark wasp
 18734 | Lair:6   | a five-headed hydra changed into a spark wasp
 18743 | Lair:6   | Killed a spark wasp
 18746 | Lair:6   | Noticed a fire dragon
 18746 | Lair:6   | an eight-headed hydra changed into a fire dragon
 18746 | Lair:6   | Found a dark tunnel.
 18748 | Lair:6   | a fire dragon changed into an alligator
 18757 | Lair:6   | XOM: enchant monster (bad)
 18761 | Lair:6   | XOM: scenery: summon butterflies
 18762 | Lair:6   | XOM: confuse monster(s)
 18766 | Lair:6   | XOM: enchant monster (good)
 18777 | Lair:6   | XOM: potion effect (berserk rage)
 18783 | Lair:6   | XOM: potion effect (haste)
 18784 | Lair:6   | XOM: scenery: create altars
 18786 | Lair:6   | XOM: enchant monster (good)
 18814 | Volcano  | Entered a volcano
 18879 | Volcano  | Found a burning altar of Makhleb.
 18895 | Volcano  | XOM: cast spell 'Dispersal'
 18906 | Volcano  | XOM: cast spell 'Summon Small Mammal'
 18928 | Volcano  | XOM: butterfly on damage
 18929 | Volcano  | Mangled by an earth elemental

Illustrated notes

Levels and vault maps discovered:
D:1:      dpeg_arrival_rooms_with_view, layout_loops_ring
D:2:      layout_loops_ring, gammafunk_temple_overflow_wave, doesnt_xom_only_xom
D:3:      layout_loops_ring
D:4:      layout_gridville, okawaru_altar_gauntlet_db, minmay_temple_entry_grid,
          serial_bayou_lake_a, uniq_menkaure
D:5:      layout_rooms, serial_shops, shop,
          hangedman_abyss_or_decor_lesser_grid, uniq_crazy_yiuf_cottage
D:6:      layout_basic, nicolae_overflow_hidden_temple, tso_metal_star,
          minmay_puff
D:7:      layout_loops_ring, cheibrodos_worm_habitat,
          ebering_ghost_reflecting_pool, uniq_joseph
D:8:      layout_rooms, chequers_temple_overflow_statue_of_worship,
          trog_hazing_becter
D:9:      layout_cave_pools, serial_gnoll_camp, gnoll_camp_huts_basic,
          gnoll_camp_mini_basic, gnoll_camp_mini_shop, gnoll_camp_medium_02,
          gnoll_camp_mini_loothouse
D:10:     layout_long_grid
D:11:     layout_gridville, lair_entry_dummy, grunt_gozag_breadcrumbs
Lair:1:   layout_hall_layers, lemuel_fruit_tree, lemuel_fruit_fields
Lair:2:   layout_misc_corridors, minmay_shoals_entry_centaurs,
          minmay_snake_entry_guardpost_medium, chequers_serial_rivers_small_b,
          st_stairs_11, guppyfry_lair_drakes
Lair:3:   gammafunk_lair_enchanted_lake, layout_misc_corridors, basic_altar,
          infiniplex_staircase_pool_2
Lair:4:   layout_long_grid, grunt_forest_large_clearings
Lair:5:   layout_cave_pods, minmay_slime_entry_oklob_enclosed
Lair:6:   minmay_lair_end_enchanted_forest, layout_loops_ring,
          gammafunk_ghost_ooze, enter_volcano_1, grunt_megastairs_3, uniq_kirke
Volcano:  volcano_lake [vl_original]

Skill      XL: |  1  2  3  4  5  6  7  8  9 10 11 12 13 |
---------------+----------------------------------------+-----
Axes           | 5 6 7 8 9 11 12 14 15 16 | 16.5
Fighting       | 4 5 6 7 9 10 11 | 11.1
Armour         | 3 4 5 6 7 8 10 11 | 11.1
Shields        | 2 3 4 6 8 9 10 | 10.7
Stealth        | 1 |  1.6
Evocations     | 1 3 5 6 7 8 |  8.8
Dodging        | 1 2 |  2.0

Action                   |  1- 3 |  4- 6 |  7- 9 | 10-12 | 13-15 || total
-------------------------+-------+-------+-------+-------+-------++-------
Melee: Hand axe          |   117 |   172 |   670 |  1066 |   388 ||  2413
Evoke: Wand              |       |       |     8 |    18 |    25 ||    51
       Lightning rod     |       |       |       |     6 |       ||     6
       Phial of floods   |       |       |       |     1 |       ||     1
  Use: Scroll            |       |     1 |    12 |     8 |     7 ||    28
       Potion            |       |       |     5 |     2 |       ||     7
 Stab: Confused          |       |     1 |     3 |     4 |     5 ||    13
       Paralysed         |       |     1 |     1 |    48 |    11 ||    61
       Petrifying        |       |       |     4 |     5 |       ||     9
       Petrified         |       |       |     4 |     5 |     7 ||    16
       Distracted        |       |       |       |     2 |       ||     2
       Invisible         |       |       |       |     1 |       ||     1
Armor: Leather armour    |     3 |       |       |       |       ||     3
       Plate armour      |    68 |    93 |   367 |   510 |   169 ||  1207
       Skin              |       |       |    22 |    42 |       ||    64
Dodge: Dodged            |    37 |    42 |   127 |   283 |    79 ||   568
Block: Kite shield       |       |    26 |   235 |   531 |   201 ||   993

Table legend: (Time is in decaauts)
 A = Elapsed time spent in this place.
 B = Non-inter-level travel time spent in this place.
 C = Inter-level travel time spent in this place.
 D = Time resting spent in this place.
 E = Time spent auto-exploring this place.
 F = Levels seen in this place.
 G = Mean time per level.
                   A        B        C        D        E       F      G
               +--------+--------+--------+--------+--------+-----+--------+
         Total |  18446 |  17712 |    734 |   1585 |  12194 |  18 | 1024.8 |
       Dungeon |  12824 |  12370 |    454 |   1353 |   8550 |  11 | 1165.8 |
          Lair |   5532 |   5253 |    279 |    232 |   3643 |   6 |  922.0 |
       Volcano |     88 |     88 |      0 |      0 |      0 |   1 |   88.0 |
               +--------+--------+--------+--------+--------+-----+--------+

Top non-repeatable levels by time:
     D:9: 1769 daAuts
     D:4: 1494 daAuts
  Lair:5: 1374 daAuts
    D:11: 1175 daAuts
     D:5: 1147 daAuts
     D:8: 1136 daAuts
  Lair:3: 1136 daAuts
     D:3: 1119 daAuts
  Lair:2: 1098 daAuts
     D:7: 1062 daAuts
    D:10: 1058 daAuts
     D:6: 1045 daAuts
  Lair:4: 983 daAuts
     D:1: 919 daAuts
     D:2: 896 daAuts
